 Dungeon Crawl Stone Soup version 0.21-a0-349-g0c35859 (webtiles) character file.

107 vishdafish the Skirmisher (level 4, -7/35 HPs)
             Began as a Demonspawn Fighter on Oct 7, 2017.
             Killed by nerve-wracking pain
             ... invoked by an orc priest
              (13 damage)
             ... on level 3 of the Dungeon.
             The game lasted 00:02:30 (2176 turns).

vishdafish the Skirmisher (Demonspawn Fighter)      Turns: 2176, Time: 00:02:31

Health: -7/35      AC:  5    Str: 16    XL:     4   Next: 56%
Magic:  0/4        EV:  8    Int: 13    God:
Gold:   142        SH:  9    Dex: 13    Spells: 3/3 levels left

rFire    . . .     SeeInvis .   a - +0 war axe
rCold    . . .     Gourm    .   c - +0 shield
rNeg     . . .     Faith    .   e - +0 ring mail (curse)
rPois    .         Spirit   +   (no helmet)
rElec    .         Reflect  .   (no cloak)
rCorr    .         Harm     .   (no gloves)
MR       .....                  (no boots)
Stlth    +.........             (no amulet)
HPRegen  0.11/turn              s - +3 ring of intelligence
MPRegen  0.09/turn              (no ring)

@: drained
A: magic shield
a: no special abilities


You were on level 3 of the Dungeon.
You were not hungry.

You visited 1 branch of the dungeon, and saw 3 of its levels.

You collected 142 gold pieces.

Inventory:

Hand Weapons
 a - a +0 war axe (weapon)
Armour
 b - a +0 scale mail
 c - a +0 shield (worn)
 e - a cursed +0 ring mail (worn)
Jewellery
 s - a +3 ring of intelligence (left hand)
Scrolls
 h - 6 scrolls of identify {unknown}
 i - a scroll of remove curse {unknown}
 j - a scroll of noise {unknown}
 k - 4 scrolls of teleportation {unknown}
 l - 2 scrolls of recharging {unknown}
 n - a scroll of enchant weapon {unknown}
 o - a scroll of fear {unknown}
 t - a scroll of random uselessness {unknown}
Potions
 d - a potion of might
 g - a potion of curing {unknown}
 m - a potion of invisibility {unknown}
 q - a potion of heal wounds {unknown}
 r - 2 potions of degeneration {unknown}
Comestibles
 f - 2 bread rations
 p - 2 meat rations
 u - a chunk of flesh


   Skills:
 + Level 3.4(3.3) Fighting
 * Level 3.0(2.8) Axes
 + Level 3.2(3.0) Armour
 + Level 1.2(1.1) Dodging
 + Level 3.1(2.9) Shields


You had 3 spell levels left.
You didn't know any spells.

Dungeon Overview and Level Annotations

Branches:
Dungeon (3/15)

Altars:
Fedhas


Innate Abilities, Weirdness & Mutations

When hurt, damage is shared between your health and your magic reserves.


Message History

You are too injured to fight recklessly!
You are too injured to fight recklessly!
You are too injured to fight recklessly!
You are too injured to fight recklessly!
You hit the orc priest.
The orc priest is heavily wounded.
You block the orc priest's attack.
The orc priest hits you but does no damage.
You barely miss the orc priest.
The orc priest is heavily wounded.
You block the orc priest's attack.
You closely miss the orc priest.
The orc priest is heavily wounded.
You block the orc priest's attack.
You hit the orc priest but do no damage.
The orc priest is heavily wounded.
The orc priest barely misses you.
The orc priest invokes the aid of Beogh against you.
Pain shoots through your body!
You die...

.........# ...
########.##
....... .........#
.....#########...#
............###..#
.....#...#..##..#
#..........$#..#
#..........⌠#..#
#......@o..$#.##
##..#..)#..##.#
#.)......###.#
#.#########..#
#.).........##
#############


You could see an orc priest.

Vanquished Creatures
  2 adders
  An ooze (D:3)
  A worm (D:2)
  5 leopard geckos
  6 orcs (D:3)
  4 bats
  6 giant cockroaches
  12 goblins
  7 hobgoblins
  2 jackals (D:1)
  9 kobolds
  5 frilled lizards
  5 rats
65 creatures vanquished.

Notes
Turn   | Place    | Note
-------+----------+-------------------------------------------
     0 | D:1      | vishdafish the Demonspawn Fighter began the quest for the Orb.
     0 | D:1      | Reached XP level 1. HP: 18/18 MP: 1/1
   264 | D:1      | Gained mutation: When hurt, damage is shared between your health and your magic reserves. [demonic ancestry]
   264 | D:1      | Reached XP level 2. HP: 19/24 MP: 2/2
   875 | D:1      | Reached XP level 3. HP: 29/29 MP: 3/3
  1413 | D:2      | Found a blossoming altar of Fedhas.
  1432 | D:2      | Reached skill level 1 in Dodging
  1657 | D:2      | Reached XP level 4. HP: 33/35 MP: 4/4
  2176 | D:3      | Killed from afar by an orc priest

Vault maps used:
D:1:      evilmike_arrival_plus
D:2:      fedhas_altar_2
D:3:      cheibrodos_pilgrimage, grunt_ministairs_2, minivault_5

Skill      XL: |  1  2  3  4 |
---------------+-------------+-----
Axes           | 2 3 |  3.0
Armour         | 3 |  3.2
Dodging        | 1 |  1.2
Shields        | 3 |  3.1
Fighting       | |  3.4

Action                   |  1- 3 |  4- 6 || total
-------------------------+-------+-------++-------
Melee: War axe           |   146 |    44 ||   190
  Eat: Chunk             |     2 |     2 ||     4
Armor: Scale mail        |     4 |       ||     4
       Ring mail         |    54 |     6 ||    60
Dodge: Dodged            |    65 |    16 ||    81
Block: Shield            |    68 |    24 ||    92

Table legend:
 A = Spawn XP
 B = Non-spawn XP
 C = Spawn XP percentage of total XP
 D = Spawn monster count
 E = Non-spawn monster count
 F = Spawn count percentage of total count
 G = Total turns spent on level
                    A         B        C        D         E        F      G
               +---------+---------+-------+---------+---------+-------+---------
         Total |       0 |     153 |   0.0 |       0 |      65 |   0.0 |  2176
               +---------+---------+-------+---------+---------+-------+---------
           D:1 |       0 |      55 |   0.0 |       0 |      30 |   0.0 |  1205
           D:2 |       0 |      42 |   0.0 |       0 |      17 |   0.0 |   632
           D:3 |       0 |      56 |   0.0 |       0 |      18 |   0.0 |   339
               +---------+---------+-------+---------+---------+-------+---------
